 Dungeon Crawl Stone Soup version 0.27.1-34-g3ba077fa99 (webtiles) character file.

Game seed: 11377139887612682397

131 pkoi the Ruffian (level 4, -5/40 HPs)
             Began as a Draconian Monk on Jan 11, 2022.
             Killed by nerve-wracking pain
             ... invoked by Grinder
              (8 damage)
             ... on level 3 of the Dungeon.
             The game lasted 00:03:29 (2461 turns).

pkoi the Ruffian (Draconian Monk)                   Turns: 2461, Time: 00:03:30

Health: -5/40      AC:  9    Str: 20    XL:     4   Next: 91%
Magic:  4/4        EV: 12    Int: 11    God:
Gold:   99         SH:  0    Dex: 13    Spells: 3/3 levels left

rFire    . . .     SeeInvis .     - Unarmed
rCold    . . .     Faith    .   (no shield)
rNeg     . . .     Spirit   .   (armour unavailable)
rPois    .         Reflect  .   a - +2 hat
rElec    .         Harm     .   (no cloak)
rCorr    .         Rampage  +   (no gloves)
Will     .....                  f - +1 pair of boots {rampage}
Stlth    ++........             (no amulet)
HPRegen  0.13/turn              l - +6 ring of strength
MPRegen  0.09/turn              (no ring)

@: no status effects
A: AC +5, unfitting armour, cold-blooded
a: no special abilities


You were on level 3 of the Dungeon.
You visited 1 branch of the dungeon, and saw 3 of its levels.

You collected 99 gold pieces.

Inventory:

Hand Weapons
 g - a +0 short sword of freezing
Armour
 a - a +2 hat (worn)
 f - a +1 pair of boots of rampaging (worn)
Jewellery
 l - a +6 ring of strength (left hand)
Scrolls
 d - 3 scrolls of identify
Potions
 j - a potion of flight


   Skills:
 - Level 4.0 Fighting
 - Level 3.0 Dodging
 - Level 1.7 Stealth
 + Level 5.1 Unarmed Combat


You had 3 spell levels left.
You didn't know any spells.
Your spell library contained the following spells:

 Spells                   Type           Power      Damage    Failure   Level
 Sandblast                Erth           0%         2d4       34%         1
 Passwall                 Tmut/Erth      0%         N/A       47%         2
 Lee's Rapid Deconstruct  Erth           0%         3d5*      100%        5


Dungeon Overview and Level Annotations

Branches:
Dungeon (3/15)

Altars:

Annotations:
D:3 1 runed translucent door, Crazy Yiuf, Grinder


Innate Abilities, Weirdness & Mutations

Your plain brown scales are hard. (AC +5)
You cannot fit into any form of body armour.
You are cold-blooded and may be slowed by cold attacks.


Message History

You closely miss Grinder.
Your tail-slap misses Grinder.
Grinder is moderately wounded.
Grinder hits you.
* * * LOW HITPOINT WARNING * * *
You barely miss Grinder.
Grinder is moderately wounded.
Grinder barely misses you.
You hit Grinder.
Grinder is moderately wounded.
Grinder says, "You look like you could use a good racking."
Grinder hits you!
* * * LOW HITPOINT WARNING * * *
You writhe in agony.
* * * LOW HITPOINT WARNING * * *
You feel better. Grinder gestures at you. Pain shoots through your body!
* * * LOW HITPOINT WARNING * * *
Okay, then.
Throw: throwing net
Press: ? - help, Q - select action Shift-Dir - straight line, f - Grinder
Aim: Grinder (moderately wounded, 55% to hit)
You throw a throwing net. The throwing net hits Grinder.
Grinder is caught in the net!
Grinder is moderately wounded.
Grinder struggles against the net.
You hit Grinder but do no damage.
Grinder is moderately wounded.
Grinder struggles against the net.
You hit Grinder.
Grinder is heavily wounded.
Grinder struggles against the net.
You completely miss Grinder.
Grinder is heavily wounded.
Grinder struggles against the net.
You punch Grinder!
Grinder is severely wounded.
Grinder gestures at you. Pain shoots through your body!
You die...

.. #. . #.# 5. ###
#.# .g. ..# ####.#
..g. #.#
#..#.###g.... #.#
#........g...
####.######.#...## #
#.......@5.......#
#.#.##.########...##
#. ## #.#.##.# ##.##
#. .# #......# #.#
#. .########.####
#.# #. .....# #.#
##'## #. .###.# #.#
##...## #. ...#.#
#.#### ##.....## #.
##.#.# #.##.##
##.......## ###.


You could see Grinder (caught).

Vanquished Creatures
  An orc priest (D:3)
  2 adders (D:2)
  An adder zombie (D:2)
  An adder skeleton (D:2)
  A worm (D:2)
  2 dart slugs (D:1)
  5 orcs
  6 ball pythons
  A bat skeleton (D:2)
  A bat zombie (D:2)
  3 endoplasms
  A giant cockroach (D:1)
  6 goblins
  10 hobgoblins
  2 jackals (D:1)
  2 quokkas
  A ball python skeleton (D:2)
  6 bats
  5 frilled lizards
  A kobold (D:1)
  A quokka skeleton (D:2)
  5 rats
64 creatures vanquished.

Vanquished Creatures (others)
  3 fungi (D:1)
  2 withered plants (D:2)
5 creatures vanquished.

Grand Total: 69 creatures vanquished

Notes
Turn   | Place    | Note
-------+----------+-------------------------------------------
     0 | D:1      | pkoi the Draconian Monk began the quest for the Orb.
     0 | D:1      | Reached XP level 1. HP: 19/19 MP: 1/1
   211 | D:1      | Reached XP level 2. HP: 15/26 MP: 2/2
   412 | D:1      | Found a faded altar of an unknown god.
   791 | D:2      | You fall into a shaft and drop 1 floor!
   795 | D:3      | Reached XP level 3. HP: 33/33 MP: 3/3
  1335 | D:2      | Reached skill level 4 in Unarmed Combat
  1452 | D:2      | Reached XP level 4. HP: 35/40 MP: 4/4
  2093 | D:3      | Found a runed translucent door.
  2094 | D:3      | Noticed Crazy Yiuf
  2272 | D:3      | Reached skill level 5 in Unarmed Combat
  2372 | D:3      | Noticed Grinder
  2461 | D:3      | Killed from afar by Grinder

Illustrated notes

Levels and vault maps discovered:
D:1:      nagdon_arrival_zigzag_paths, layout_rooms,
          shapermc_ecumenical_altar_gd
D:2:      layout_loops_ring, serial_undead, serial_undead_b, serial_undead_f,
          serial_undead_f, serial_undead_e, minmay_tetromino_i2
D:3:      layout_loops_corners, grunt_temple_overflow_open, uniq_grinder,
          uniq_crazy_yiuf_cottage, uniq_robin

Skill      XL: |  1  2  3  4 |
---------------+-------------+-----
Dodging        | 3 |  3.0
Fighting       | 4 |  4.0
Unarmed Combat | 4 5 |  5.1
Stealth        | |  1.7

Action                   |  1- 3 |  4- 6 || total
-------------------------+-------+-------++-------
Melee: Unarmed           |   162 |    96 ||   258
       Tailslap          |    22 |    11 ||    33
       Punch             |       |     2 ||     2
Throw: Throwing net      |       |     1 ||     1
  Use: Scroll            |       |     4 ||     4
       Potion            |       |     3 ||     3
 Stab: Sleeping          |     3 |     4 ||     7
Armor: Skin              |    59 |    20 ||    79
Dodge: Dodged            |   118 |    56 ||   174
